[Event "Team 45 45 League T45"]
[Site "Internet Chess Club"]
[Date "2010.06.27"]
[Round "8"]
[White "SlimeDog2"]
[Black "mickeys"]
[Result "1-0"]
[WhiteElo "2187"]
[BlackElo "1906"]
[Opening "Queen's gambit declined"]
[ECO "D30"]
[Time "19:00:30"]
[TimeControl "2700+45"]

1. d4 e6 2. c4 d5 3. Nf3 Be7 4. Nc3 Nf6 5. Bg5 Ne4 6. Bxe7 Qxe7 7. Qc2 Nxc3 8.
bxc3 Nc6 9. e3 O-O 10. Bd3 h6 11. cxd5 exd5 12. Rb1 Na5 13. Rb5 Qa3 14. O-O c6
15. Rb4 b5 16. Ne5 Bb7 17. e4 a6 18. Nd7 Rfd8 19. Nc5 Bc8 20. e5 Nb7 21. Nxb7
Bxb7 22. f4 a5 23. Rbb1 Qe7 24. f5 Qg5 25. Rf3 Bc8 26. Rg3 Qh5 27. Rf1 Ra7 28.
Be2 Qh4 29. Rg4 Qe7 30. f6 {Black resigns} 1-0

[Event "Team 45 45 League T45"]
[Site "Internet Chess Club"]
[Date "2010.06.28"]
[Round "8"]
[White "pishd"]
[Black "AncientTurnip"]
[Result "1-0"]
[WhiteElo "1618"]
[BlackElo "1715"]
[Opening "Queen's bishop game"]
[ECO "D02"]
[Time "06:02:04"]
[TimeControl "2700+45"]

1. d4 d5 2. Nf3 Nf6 3. Bf4 c5 4. e3 Nc6 5. c3 Qb6 6. Qb3 c4 7. Qxb6 axb6 8. Nbd2
b5 9. Be2 b4 10. O-O bxc3 11. bxc3 Bf5 12. Nh4 Bg6 13. Nxg6 hxg6 14. Rfb1 Ra7
15. Bf3 e6 16. e4 Kd8 17. exd5 exd5 18. Rb5 Kc8 19. Bxd5 Nxd5 20. Rxd5 Na5 21.
Re1 Ba3 22. Nb1 Nc6 23. Nxa3 Rxa3 24. Rc5 Kd7 25. Rxc4 Rh5 26. Rb1 Na5 27. Rc7+
Ke6 28. Rb6+ Kd5 29. f3 Nc6 30. Rd7+ Kc4 31. Rdxb7 Na5 32. Rc7+ Kd3 33. Rb1 Rxa2
34. Kf1 Rf5 35. Rd1+ Kc2 36. Rd2+ Kb1 37. Rxa2 Kxa2 38. Be5 Kb3 39. Ke2 f6 40.
g4 Rg5 41. h4 Nc4 42. hxg5 fxe5 43. Rxc4 Kxc4 44. dxe5 {Black resigns} 1-0

[Event "Team 45 45 League T45"]
[Site "Internet Chess Club"]
[Date "2010.06.24"]
[Round "8"]
[White "MtzKid"]
[Black "JOHNGALT"]
[Result "1-0"]
[WhiteElo "1625"]
[BlackElo "1854"]
[Opening "Scotch game"]
[ECO "C45"]
[Time "21:00:15"]
[TimeControl "2700+45"]

1. e4 e5 2. Nf3 Nc6 3. d4 exd4 4. Nxd4 Bc5 5. Nxc6 Qf6 6. Qd2 dxc6 7. Nc3 Bd7 8.
Bd3 O-O-O 9. Na4 Bd6 10. Qa5 Kb8 11. Bg5 Bb4+ 12. Qxb4 Qxg5 13. Nc5 b6 14. Nxd7+
Rxd7 15. O-O Ne7 16. a4 Qe5 17. a5 Rd4 18. Qb3 b5 19. Qxf7 Ng6 20. f4 Qc5 21.
Kh1 Rf8 22. Qxg7 Nxf4 23. g3 Ne6 24. Rxf8+ Nxf8 25. Rf1 Rd8 26. Rf7 Ne6 27. Qf6
Qd6 28. Rxh7 Kb7 29. Qe7 Qe5 30. Rh6 Rd6 31. Qf6 Qc5 32. e5 Qd5+ 33. Kg1 Qd4+
34. Kf1 Qxb2 35. exd6 Nd4 36. d7 Qc1+ 37. Kg2 Nxc2 38. Qxc6+ {Black resigns} 1-0

[Event "Team 45 45 League T45"]
[Site "Internet Chess Club"]
[Date "2010.06.27"]
[Round "8"]
[White "jeffry2k"]
[Black "BotanicalKnight"]
[Result "0-1"]
[WhiteElo "1767"]
[BlackElo "1581"]
[Opening "Réti: Pirc-Lisitsin gambit"]
[ECO "A04"]
[Time "07:02:35"]
[TimeControl "2700+45"]

1. Nf3 f5 2. e4 fxe4 3. Ng5 Nc6 4. d3 e3 5. Bxe3 e5 6. Be2 Be7 7. Bh5+ g6 8.
Nxh7 Kf7 9. Qf3+ Kg7 10. Qg4 Qe8 11. Ng5 Rxh5 12. f4 Nf6 13. Qg3 d6 14. O-O Nd5
15. Bd2 Nd4 16. Qf2 Bxg5 17. fxg5 Nxc2 18. Nc3 Nxc3 19. Rac1 Bf5 20. Rxc2 Nd5
21. Rc4 Bxd3 22. Rd4 Bxf1 23. Rxd5 Bc4 24. Ra5 Qf7 25. Qe1 Rf8 26. g4 Qf1+ 27.
Qxf1 Rxf1+ 28. Kg2 Rh4 29. h3 Rd1 30. Kg3 Rh8 31. b3 Ba6 32. b4 c6 33. a4 Rxd2
34. b5 Rd3+ 35. Kg2 Rd5 36. Kg3 Rf8 37. Kh4 e4 38. Kg3 e3 39. bxa6 Rxa5 40. axb7
Rxg5 41. b8=Q Rxb8 42. a5 Rxa5 43. Kf3 Re5 44. Kg3 e2 45. g5 e1=Q+ 46. Kg4 Qe4+
47. Kg3 Rb3+ {White resigns} 0-1

[Event "Team 45 45 League T45"]
[Site "Internet Chess Club"]
[Date "2010.06.29"]
[Round "8"]
[White "QueensCounselor"]
[Black "Wheels"]
[Result "1-0"]
[WhiteElo "2150"]
[BlackElo "1925"]
[Opening "Sicilian: Najdorf, 7...Qb6"]
[ECO "B97"]
[Time "14:01:42"]
[TimeControl "2700+45"]

1. e4 c5 2. Nf3 d6 3. d4 cxd4 4. Nxd4 Nf6 5. Nc3 a6 6. Bg5 e6 7. f4 Qb6 8. Nb3
Be7 9. Qf3 Nbd7 10. O-O-O h6 11. Bh4 e5 12. f5 O-O 13. g4 Qc6 14. Bd3 b5 15. Nd5
Bd8 16. Na5 Qc5 17. Bf2 {Black resigns} 1-0

[Event "Team 45 45 League T45"]
[Site "Internet Chess Club"]
[Date "2010.06.27"]
[Round "8"]
[White "Philly-Boy"]
[Black "upsan"]
[Result "1-0"]
[WhiteElo "1891"]
[BlackElo "1809"]
[Opening "Dutch defense"]
[ECO "A90"]
[Time "11:07:20"]
[TimeControl "2700+45"]

1. d4 e6 2. c4 f5 3. g3 Nf6 4. Bg2 c6 5. a3 d5 6. c5 Be7 7. Nf3 O-O 8. O-O Ne4
9. Nbd2 Nd7 10. e3 b6 11. b4 Ba6 12. Re1 Qc7 13. Qc2 bxc5 14. bxc5 g5 15. Nb3 g4
16. Nfd2 e5 17. Bb2 exd4 18. Bxd4 Bf6 19. Nxe4 Bxd4 20. Nxd4 fxe4 21. Ne6 Qa5
22. Nxf8 Rxf8 23. Rec1 Ne5 24. Qc3 Qxc3 25. Rxc3 Rb8 26. Bf1 Nd3 27. h3 h5 28.
hxg4 hxg4 29. Rc2 Bc4 30. Be2 Ne5 31. Bxc4 dxc4 32. Kg2 Kf7 33. Rac1 Rb3 34.
Rxc4 Nd3 35. Rf1 Rxa3 36. Rxe4 Nxc5 37. Rc4 Nd3 38. Rxc6 a5 39. Rb1 Ke7 40. Rb7+
Kd8 41. Rh6 {Black resigns} 1-0

[Event "Team 45 45 League T45"]
[Site "Internet Chess Club"]
[Date "2010.06.27"]
[Round "8"]
[White "qs16"]
[Black "Eyechess"]
[Result "0-1"]
[WhiteElo "1741"]
[BlackElo "1763"]
[Opening "Queen's pawn game"]
[ECO "A46"]
[Time "13:00:05"]
[TimeControl "2700+45"]

1. d4 Nf6 2. Nf3 c5 3. c3 cxd4 4. cxd4 e6 5. Bg5 Bb4+ 6. Bd2 Nc6 7. e3 O-O 8.
Bd3 Qb6 9. Nc3 Be7 10. Na4 Qc7 11. Rc1 d5 12. Nc3 Bd7 13. O-O a6 14. Ne5 Rac8
15. f4 Qb8 16. Rf3 Nb4 17. Nxd7 Nxd7 18. Bxh7+ Kxh7 19. Rh3+ Kg8 20. Qh5 f6 21.
Qh7+ Kf7 22. Rg3 Rg8 23. f5 e5 24. a3 Nd3 25. Rf1 Qd6 26. Qg6+ Kf8 27. e4 dxe4
28. Bh6 Qxd4+ 29. Kh1 Nf2+ 30. Rxf2 Qxf2 31. Bxg7+ Rxg7 32. Qxg7+ Ke8 33. Qh8+
Bf8 34. Qh5+ Kd8 35. Qd1 Qxb2 36. Rg8 Ke8 37. Qh5+ Ke7 38. Nd5+ Kd6 39. h3 Qc1+
40. Kh2 Kxd5 41. Qf7+ Kd6 42. Qb3 Rc3 43. Qb4+ Kc7 {White resigns} 0-1

[Event "Team 45 45 League T45"]
[Site "Internet Chess Club"]
[Date "2010.06.27"]
[Round "8"]
[White "b-spot"]
[Black "oldsj"]
[Result "1/2-1/2"]
[WhiteElo "1741"]
[BlackElo "1659"]
[Opening "King's Indian: orthodox, Aronin-Taimanov, bayonet attack"]
[ECO "E97"]
[Time "10:02:37"]
[TimeControl "2700+45"]

1. d4 Nf6 2. c4 g6 3. Nc3 Bg7 4. e4 d6 5. Nf3 O-O 6. Be2 e5 7. O-O Nc6 8. d5 Ne7
9. b4 Nh5 10. Re1 f5 11. Ng5 Nf6 12. Bf3 c6 13. Bb2 h6 14. Ne6 Bxe6 15. dxe6 Ne8
16. Qb3 Nc7 17. Rad1 Qc8 18. Rxd6 Nxe6 19. c5 Rf6 20. exf5 Nxf5 21. Ne4 Nxd6 22.
Nxd6 Qd7 23. Bxe5 Rxf3 24. gxf3 Kh7 25. Bxg7 Nxg7 26. Qf7 Qxf7 27. Nxf7 Nf5 28.
Nd6 b5 29. Nxf5 gxf5 30. Re7+ Kg8 31. Rc7 a5 32. bxa5 Rxa5 33. Rxc6 Kg7 34. Rb6
Rxa2 35. c6 Rc2 36. Rxb5 Kf6 37. Rb6 Kg5 38. Kg2 h5 39. Kg3 h4+ 40. Kg2 Rc4 41.
Kf1 Kf4 42. Ke2 Ke5 43. Kd3 Rc1 44. Rb4 Rd1+ 45. Ke2 Rc1 46. Rxh4 Rxc6 47. Kd3
Rd6+ 48. Ke3 Ra6 49. f4+ Kd5 50. Rh5 Ra3+ 51. Ke2 Ke4 52. f3+ Rxf3 53. Rxf5 Rxf4
54. Ra5 Rf5 55. Ra4+ Ke5 56. Ke3 Kf6 57. Rg4 Rg5 58. Rf4+ Rf5 59. Ra4 Rh5 60. h4
Kg6 61. Kf3 Kg7 62. Kg4 Rb5 63. Ra6 Rb4+ 64. Kg5 Rb5+ 65. Kg4 Rb4+ 66. Kg5 Rb5+
67. Kg4 Rb4+ {Game drawn by repetition} 1/2-1/2

[Event "Team 45 45 League T45"]
[Site "Internet Chess Club"]
[Date "2010.06.25"]
[Round "8"]
[White "fishhead"]
[Black "SneakyRed"]
[Result "1-0"]
[WhiteElo "2085"]
[BlackElo "1770"]
[Opening "Caro-Kann: two knights variation"]
[ECO "B10"]
[Time "14:00:37"]
[TimeControl "2700+45"]

1. e4 c6 2. Nf3 d5 3. Nc3 Nf6 4. e5 Ne4 5. Bd3 Nxc3 6. dxc3 e6 7. Qe2 Be7 8. O-O
O-O 9. c4 Nd7 10. c3 Re8 11. Bf4 Nf8 12. b4 b6 13. a4 dxc4 14. Bxc4 Ng6 15. Bg3
Qc7 16. h4 Bb7 17. h5 Nf8 18. Rad1 c5 19. b5 Red8 20. Bd3 c4 21. Be4 Bxe4 22.
Qxe4 Rd3 23. Rxd3 cxd3 24. Qxd3 Rd8 25. Nd4 Bc5 26. Qc4 Rd5 27. Nc6 h6 28. Kh2
Rd2 29. f4 a6 30. f5 axb5 31. axb5 Qd7 32. f6 Qd3 33. Qg4 g6 34. Rf3 Qb1 35. Bf4
Qg1+ 36. Kh3 Qh1+ 37. Bh2 Bg1 38. Qg3 g5 39. Rf1 Qxh2+ 40. Qxh2 Bxh2 41. Kxh2
Nd7 42. Re1 Kh7 43. Re3 Nc5 44. Kg3 Nd3 45. Re4 Nf4 46. Ra4 Nxh5+ 47. Kg4 Kg6
48. Ne7+ Kh7 49. Kxh5 Rxg2 50. Ra8 Rh2+ 51. Kg4 Rh4+ 52. Kg3 Rc4 53. Rc8 Re4 54.
Rf8 h5 55. Rxf7+ Kh6 56. Ng8+ Kg6 57. Rg7+ {Black resigns} 1-0

[Event "Team 45 45 League T45"]
[Site "Internet Chess Club"]
[Date "2010.06.29"]
[Round "8"]
[White "Duguesclin"]
[Black "CREDITorDEBIT"]
[Result "0-1"]
[WhiteElo "1664"]
[BlackElo "1835"]
[Opening "King's Indian: Four pawns attack"]
[ECO "E76"]
[Time "16:00:06"]
[TimeControl "2700+45"]

1. d4 Nf6 2. c4 g6 3. Nc3 Bg7 4. e4 d6 5. f4 O-O 6. Nf3 Bg4 7. Be2 Nbd7 8. O-O
c6 9. e5 dxe5 10. fxe5 Ne8 11. Ne4 f6 12. h3 Bxf3 13. Rxf3 fxe5 14. Rxf8+ Nxf8
15. d5 Qb6+ 16. Kh1 Rd8 17. Qc2 Nf6 18. Bg5 Qd4 19. Bxf6 exf6 20. Rd1 Qe3 21.
Qd3 Qxd3 22. Rxd3 cxd5 23. cxd5 f5 24. Nc3 e4 25. Rd2 a6 26. Bc4 Bxc3 27. bxc3
Nd7 28. a4 Nc5 29. a5 Kg7 30. Rd4 Rd6 31. Kg1 Kf6 32. Kf2 Ke5 33. g3 g5 34. Ba2
h5 35. Ke2 f4 36. gxf4+ gxf4 37. Rd1 Rg6 38. Kf2 Nd3+ 39. Kf1 b5 40. axb6 Rxb6
41. c4 Rb2 42. Bb1 Kd4 43. Bxd3 exd3 44. d6 Rb6 45. c5 Kxc5 46. d7 Rd6 47. Rc1+
Kb4 48. Ra1 a5 49. Rb1+ Kc3 50. Ke1 Kc2 51. Rd1 Rxd7 52. Rd2+ Kc3 53. Rf2 Rd4
54. Kd1 Ra4 {White resigns} 0-1

[Event "Team 45 45 League T45"]
[Site "Internet Chess Club"]
[Date "2010.06.27"]
[Round "8"]
[White "tigereye"]
[Black "bondguy01"]
[Result "1/2-1/2"]
[WhiteElo "1868"]
[BlackElo "1708"]
[Opening "Queen's Indian: Nimzovich variation (exaggerated fianchetto)"]
[ECO "E15"]
[Time "16:00:16"]
[TimeControl "2700+45"]

1. d4 e6 2. c4 Nf6 3. Nf3 b6 4. g3 Ba6 5. b3 b5 6. Nbd2 c5 7. Bg2 Nc6 8. Bb2 d5
9. O-O Rb8 10. cxd5 exd5 11. dxc5 b4 12. Re1 Be7 13. e3 O-O 14. Nd4 Qc7 15. Nxc6
Qxc6 16. Rc1 Rfd8 17. Nf3 Ne4 18. Nd4 Qc7 19. Bxe4 dxe4 20. Qg4 Bf6 21. Ne6 fxe6
22. Bxf6 Re8 23. Bd4 e5 24. Bb2 Bd3 25. Qh5 Re6 26. Red1 Rbe8 27. a3 a5 28. axb4
axb4 29. c6 g6 30. Qg5 Rxc6 31. Rxc6 Qxc6 32. Rc1 Qe6 33. h4 Qxb3 34. Bxe5 Qe6
35. Bd4 b3 36. Qh6 Qf7 37. Qf4 Qxf4 38. exf4 Rd8 39. Bb2 Bc2 40. Kf1 Kf7 41. Ke2
h5 42. Ra1 Ke6 43. Ra6+ Rd6 44. Rxd6+ Kxd6 45. Kd2 Ke6 46. Be5 Kf5 47. Ke3 Kg4
48. Bd4 Bb1 {Game drawn by mutual agreement} 1/2-1/2

[Event "Team 45 45 League T45"]
[Site "Internet Chess Club"]
[Date "2010.06.27"]
[Round "8"]
[White "vaknight"]
[Black "badmove"]
[Result "1/2-1/2"]
[WhiteElo "1690"]
[BlackElo "1789"]
[Opening "Bird's opening"]
[ECO "A02"]
[Time "16:19:14"]
[TimeControl "2700+45"]

1. f4 g6 2. Nf3 d5 3. e3 Bg7 4. d4 Nh6 5. Be2 b6 6. c3 c5 7. O-O O-O 8. Na3 Bb7
9. Nc2 Nd7 10. Nce1 Nf6 11. Ng5 Nf5 12. Nd3 cxd4 13. exd4 h6 14. Nf3 Ng4 15. Qe1
Nge3 16. Bxe3 Nxe3 17. Qf2 Nxf1 18. Rxf1 Qe8 19. Nde5 f6 20. Ng4 Rd8 21. Bd3 Bc8
22. Qh4 Bxg4 23. Qxg4 f5 24. Qg3 Qf7 {Game drawn by mutual agreement} 1/2-1/2

[Event "Team 45 45 League T45"]
[Site "Internet Chess Club"]
[Date "2010.06.27"]
[Round "8"]
[White "viking99"]
[Black "chessateer"]
[Result "1/2-1/2"]
[WhiteElo "1839"]
[BlackElo "1863"]
[Opening "Ruy Lopez: exchange variation, 5.O-O"]
[ECO "C68"]
[Time "09:02:12"]
[TimeControl "2700+45"]

1. e4 e5 2. Nf3 Nc6 3. Bb5 a6 4. Bxc6 dxc6 5. O-O Nf6 6. Re1 Bg4 7. d4 exd4 8.
Qxd4 Bxf3 9. Qxd8+ Rxd8 10. gxf3 Bb4 11. c3 Be7 12. Bf4 Rd7 13. Nd2 O-O 14. Nc4
Bd6 15. Nxd6 cxd6 16. Rad1 d5 17. Bg5 Rfd8 18. Bxf6 gxf6 19. Re2 d4 20. Rxd4
Rxd4 21. cxd4 Rxd4 22. Kg2 c5 23. Kg3 b5 24. Rc2 c4 25. Kf4 a5 26. Ke3 Rd1 27.
f4 f5 28. f3 Rd3+ 29. Kf2 fxe4 30. fxe4 Rh3 31. Kg2 Re3 32. e5 Kf8 33. Rd2 Ke7
34. Kf2 Rh3 35. Kg2 Re3 {Game drawn by mutual agreement} 1/2-1/2

[Event "Team 45 45 League T45"]
[Site "Internet Chess Club"]
[Date "2010.06.25"]
[Round "8"]
[White "ddlj81"]
[Black "Kingofknights"]
[Result "1-0"]
[WhiteElo "1816"]
[BlackElo "1647"]
[Opening "Caro-Kann: Steinitz variation"]
[ECO "B17"]
[Time "22:00:17"]
[TimeControl "2700+45"]

1. e4 c6 2. d4 d5 3. Nc3 dxe4 4. Nxe4 Nd7 5. Ng5 Ngf6 6. Bd3 e6 7. N1f3 Bd6 8.
Qe2 Qe7 9. O-O h6 10. Ne4 Nxe4 11. Qxe4 Nf6 12. Qe2 Bd7 13. c4 c5 14. dxc5 Bxc5
15. Ne5 O-O 16. Bd2 Rfd8 17. Bc3 Be8 18. Rad1 Bb4 19. Bxb4 Qxb4 20. a3 Qa5 21.
Rfe1 Qb6 22. b4 a5 23. c5 Qc7 24. Nc4 axb4 25. axb4 Bb5 26. Nd6 Bxd3 27. Rxd3 b6
28. h3 bxc5 29. bxc5 Ra5 30. Nb5 Rb8 31. Nxc7 {Black resigns} 1-0

[Event "Team 45 45 League T45"]
[Site "Internet Chess Club"]
[Date "2010.06.26"]
[Round "8"]
[White "parrot9"]
[Black "Ernie1"]
[Result "1-0"]
[WhiteElo "1651"]
[BlackElo "1619"]
[Opening "Caro-Kann: Tartakower (Nimzovich) variation"]
[ECO "B15"]
[Time "08:09:36"]
[TimeControl "2700+45"]

1. e4 c6 2. d4 d5 3. Nc3 dxe4 4. Nxe4 Nf6 5. Nxf6+ exf6 6. Nf3 Bd6 7. Bd3 O-O 8.
O-O Bg4 9. h3 Bh5 10. c4 Re8 11. Be3 Qc7 12. Rc1 Qa5 13. a3 Na6 14. Qd2 Qc7 15.
Nh4 Bg6 16. Nxg6 fxg6 17. c5 Bf8 18. Bc4+ Kh8 19. b4 b5 20. Bb3 Nb8 21. Bf4 Qb7
22. d5 cxd5 23. Qxd5 Qxd5 24. Bxd5 Nd7 25. Bxa8 Rxa8 26. c6 Ne5 27. Bxe5 fxe5
28. c7 Rc8 29. Rfd1 Be7 30. Rd7 Bf6 31. Rcd1 {Black resigns} 1-0

[Event "Team 45 45 League T45"]
[Site "Internet Chess Club"]
[Date "2010.06.26"]
[Round "8"]
[White "Positron"]
[Black "Merciful"]
[Result "1-0"]
[WhiteElo "2215"]
[BlackElo "2050"]
[Opening "QGD Slav: exchange variation"]
[ECO "D13"]
[Time "21:30:24"]
[TimeControl "2700+45"]

1. Nf3 d5 2. c4 c6 3. cxd5 cxd5 4. d4 Nf6 5. g3 Nc6 6. Bg2 Bf5 7. O-O e6 8. Qb3
Qb6 9. Qxb6 axb6 10. Nc3 Be7 11. Bf4 O-O 12. Rfc1 Nd7 13. Nb5 h6 14. Bd6 Bxd6
15. Nxd6 Be4 16. e3 Bxf3 17. Bxf3 Ra7 18. a3 Nf6 19. Rc3 Rd8 20. Nxb7 Rxb7 21.
Rxc6 Kf8 22. Be2 b5 23. Bd3 Ke7 24. Rac1 Kd7 25. Kf1 Ne8 26. Ke2 Ra8 27. e4 Nd6
28. e5 Nc4 29. Rc5 Rab8 30. Rc2 Ra8 31. f4 Raa7 32. g4 b4 33. axb4 Rxb4 34. Bxc4
dxc4 35. R5xc4 Rb3 36. R4c3 Rab7 37. Kd3 Rxb2 38. Rc7+ Rxc7 39. Rxb2 Rc1 40.
Rb7+ Ke8 41. f5 exf5 42. gxf5 g5 43. fxg6 fxg6 44. Ke4 Rc2 45. Rg7 g5 46. d5
Rxh2 47. d6 Rf2 48. e6 Re2+ 49. Kf5 Rf2+ 50. Ke5 Re2+ 51. Kf6 Rg2 {Black
resigns} 1-0

[Event "Team 45 45 League T45"]
[Site "Internet Chess Club"]
[Date "2010.06.24"]
[Round "8"]
[White "Buckeye22"]
[Black "Chatica"]
[Result "0-1"]
[WhiteElo "2028"]
[BlackElo "2060"]
[Opening "QGD: Lasker defense, main line"]
[ECO "D57"]
[Time "21:00:19"]
[TimeControl "2700+45"]

1. d4 Nf6 2. c4 e6 3. Nf3 d5 4. Nc3 Be7 5. Bg5 h6 6. Bh4 O-O 7. e3 Ne4 8. Bxe7
Qxe7 9. cxd5 Nxc3 10. bxc3 exd5 11. Qb3 Rd8 12. c4 dxc4 13. Bxc4 Nc6 14. Qc3 Bg4
15. O-O Bxf3 16. gxf3 Qf6 17. Be2 Rac8 18. Rab1 b6 19. Kh1 Ne7 20. Rfc1 Rd5 21.
f4 c5 22. dxc5 Rdxc5 23. Qd2 Qc6+ {White resigns} 0-1

[Event "Team 45 45 League T45"]
[Site "Internet Chess Club"]
[Date "2010.06.28"]
[Round "8"]
[White "Matusalen"]
[Black "imgr8"]
[Result "1/2-1/2"]
[WhiteElo "2040"]
[BlackElo "2065"]
[Opening "Réti: King's Indian attack"]
[ECO "A08"]
[Time "19:03:31"]
[TimeControl "2700+45"]

1. Nf3 c5 2. g3 d5 3. Bg2 Nc6 4. d4 e6 5. O-O Nf6 6. c4 Be7 7. dxc5 Bxc5 8. a3
a6 9. cxd5 exd5 10. Qc2 Ba7 11. Nc3 d4 12. Ne4 h6 13. b4 O-O 14. Nc5 Bxc5 15.
bxc5 Re8 16. Bb2 Bg4 17. Rfd1 Qe7 18. Bxd4 Qxe2 19. Qxe2 Rxe2 20. Bxf6 gxf6 21.
h3 Be6 22. Nd4 Nxd4 23. Rxd4 Rb2 24. Rb4 Rc2 25. Bxb7 Rd8 26. Bxa6 Rdd2 27. Rf4
Rxc5 28. h4 Kg7 29. Bf1 {Game drawn by mutual agreement} 1/2-1/2

[Event "Team 45 45 League T45"]
[Site "Internet Chess Club"]
[Date "2010.06.24"]
[Round "8"]
[White "Ser-Enigma"]
[Black "chiiwen"]
[Result "1-0"]
[WhiteElo "2150"]
[BlackElo "2129"]
[Opening "Queen's pawn game"]
[ECO "D04"]
[Time "11:03:57"]
[TimeControl "2700+45"]

1. d4 d5 2. Nf3 Nf6 3. e3 c6 4. Bd3 Bg4 5. h3 Bxf3 6. Qxf3 Nbd7 7. c4 e5 8. cxd5
cxd5 9. dxe5 Nxe5 10. Bb5+ Ned7 11. O-O a6 12. Ba4 b5 13. Bb3 Nc5 14. Rd1 Nxb3
15. axb3 b4 16. Nd2 Be7 17. e4 O-O 18. e5 Ne8 19. Nc4 Nc7 20. Nb6 Rb8 21. Nxd5
Nxd5 22. Rxd5 Qc8 23. Rda5 Rb6 24. Be3 Re6 25. Qe2 Bd8 26. Rxa6 Rxe5 27. Qc4 Qb7
28. R1a4 Re4 29. Qd3 Re5 30. Rd6 Be7 31. Rd7 Qc8 32. Raa7 Re8 33. Qc4 Qxc4 34.
bxc4 b3 35. Rab7 Re4 36. c5 f5 37. c6 f4 38. Bd4 Kf7 39. Rxb3 Rc8 40. Rc3 g6 41.
Bc5 Re1+ 42. Kh2 Rxc6 43. Bxe7 Rxc3 44. Bh4+ {Black resigns} 1-0

[Event "Team 45 45 League T45"]
[Site "Internet Chess Club"]
[Date "2010.06.24"]
[Round "8"]
[White "Fulvio"]
[Black "mcplayerus"]
[Result "1-0"]
[WhiteElo "2004"]
[BlackElo "2109"]
[Opening "QGD: Vienna variation"]
[ECO "D38"]
[Time "14:31:46"]
[TimeControl "2700+45"]

1. d4 d5 2. c4 e6 3. Nf3 Nf6 4. Bg5 Bb4+ 5. Nc3 O-O 6. e3 c6 7. Qc2 Nbd7 8. Ne5
Qa5 9. Bxf6 Nxf6 10. Bd3 dxc4 11. Bxc4 Nd5 12. Rc1 Qd8 13. O-O Ba5 14. a3 Nxc3
15. bxc3 Bc7 16. f4 f6 17. Nf3 Qe7 18. a4 Kh8 19. Bd3 g6 20. Bxg6 hxg6 21. Nh4
Qh7 22. Nxg6+ Kg7 23. Nxf8 Qxc2 24. Rxc2 Kxf8 25. c4 Bd7 26. Rb2 b6 27. c5 Ke7
28. g3 b5 29. axb5 cxb5 30. c6 Bc8 31. Ra1 a6 32. Rxb5 Kd6 33. Rh5 a5 34. Rh7 a4
35. h4 Ra5 36. g4 Ba6 37. Rc1 Bc8 38. g5 fxg5 39. hxg5 a3 40. g6 a2 41. Ra1 e5
42. dxe5+ Kxc6 43. g7 Be6 44. Rh6 {Black resigns} 1-0

[Event "Team 45 45 League T45"]
[Site "Internet Chess Club"]
[Date "2010.06.25"]
[Round "8"]
[White "AronT"]
[Black "chess9793"]
[Result "1-0"]
[WhiteElo "2057"]
[BlackElo "2004"]
[Opening "Grünfeld: exchange, classical variation"]
[ECO "D87"]
[Time "21:14:43"]
[TimeControl "2700+45"]

1. d4 Nf6 2. c4 g6 3. Nc3 d5 4. cxd5 Nxd5 5. e4 Nxc3 6. bxc3 Bg7 7. Bc4 c5 8.
Ne2 Nc6 9. Be3 O-O 10. O-O Qc7 11. Rc1 Rd8 12. Qc2 Na5 13. Bb3 Nxb3 14. Qxb3 b6
15. d5 e5 16. c4 f5 17. f3 f4 18. Bd2 g5 19. a4 Rd6 20. Ra1 h5 21. a5 Rb8 22.
Rfb1 Rg6 23. Qa3 g4 24. axb6 axb6 25. Kh1 Bb7 26. Qd3 Qe7 27. Be1 Qf6 28. Ra2
Rf8 29. Ba5 Ra8 30. Rxb6 Qxb6 31. Bxb6 Rxa2 32. Bxc5 gxf3 33. Qxf3 Ra1+ 34. Ng1
Bf8 35. Bxf8 Kxf8 36. Qxh5 Kf7 37. Qf5+ Rf6 38. Qd7+ Kg8 39. Qxb7 f3 40. Qc8+
Kf7 41. gxf3 Rxf3 42. Qe6+ Kf8 43. Qh6+ Kg8 44. Qg5+ Kf8 45. Qd8+ Kf7 46. Qd7+
Kf8 47. Qd6+ Kf7 48. Qxe5 Rff1 49. Qg3 Rac1 50. h4 Rxc4 51. Kg2 Rf6 52. Nf3 Rg6
53. Qxg6+ Kxg6 54. Ne5+ Kh5 55. Nxc4 Kxh4 56. d6 Kg5 57. d7 Kf4 58. d8=Q Kxe4
59. Ne3 Ke5 60. Qd5+ Kf6 61. Nc2 Ke7 62. Qc6 Kf7 63. Qd6 Kg7 64. Qe6 Kh7 65. Qf6
Kg8 66. Qe7 Kh8 67. Ne3 Kg8 68. Ng4 Kh8 69. Kh1 Kg8 70. Nf6+ {Black resigns} 1-0

[Event "Team 45 45 League T45"]
[Site "Internet Chess Club"]
[Date "2010.06.28"]
[Round "8"]
[White "Atlantis"]
[Black "smitty120"]
[Result "1/2-1/2"]
[WhiteElo "1814"]
[BlackElo "1917"]
[Opening "Bogo-Indian defense, Nimzovich variation"]
[ECO "E11"]
[Time "18:15:53"]
[TimeControl "2700+45"]

1. d4 Nf6 2. c4 e6 3. Nf3 Bb4+ 4. Bd2 Qe7 5. a3 Bxd2+ 6. Qxd2 d6 7. Nc3 a5 8. e3
O-O 9. Bd3 e5 10. dxe5 dxe5 11. Ne4 Nc6 12. O-O Rd8 13. Qc2 Nd7 14. Nc3 h6 15.
Nd5 Qd6 16. Rad1 Kf8 17. Be4 Rb8 18. Nb6 Qf6 19. Nd5 Qd6 20. Nb6 Qf6 21. Nd5 Qd6
{Game drawn by repetition} 1/2-1/2

[Event "Team 45 45 League T45"]
[Site "Internet Chess Club"]
[Date "2010.06.25"]
[Round "8"]
[White "Geeloo"]
[Black "QueensCounselor"]
[Result "1/2-1/2"]
[WhiteElo "2117"]
[BlackElo "2143"]
[Opening "Four knights: Spanish, classical defense"]
[ECO "C48"]
[Time "16:00:31"]
[TimeControl "2700+45"]

1. e4 e5 2. Nf3 Nf6 3. Nc3 Nc6 4. Bb5 Bc5 5. d3 d6 6. h3 O-O 7. O-O Bd7 8. Bg5
a6 9. Ba4 h6 10. Bh4 g5 11. Nxg5 hxg5 12. Bxg5 Be6 13. Bxc6 bxc6 14. Kh1 Kg7 15.
Qd2 Rh8 16. f4 Qg8 17. fxe5 Nh5 18. Be7 Kh7 19. Rf3 Re8 20. exd6 cxd6 21. Bh4
Bd4 22. Raf1 Qf8 23. g4 Ng7 24. Bf6 Bxf6 25. Rxf6 Kg8 26. Kg2 d5 27. exd5 cxd5
28. Ne2 Qd6 29. Nf4 Rh7 30. d4 Qb8 31. c3 Re7 32. Nxe6 Nxe6 33. R1f5 Qd8 34. Qd3
Qa5 {Game drawn by mutual agreement} 1/2-1/2

[Event "Team 45 45 League T45"]
[Site "Internet Chess Club"]
[Date "2010.06.27"]
[Round "8"]
[White "SaltofLife"]
[Black "spunni"]
[Result "1-0"]
[WhiteElo "1857"]
[BlackElo "1863"]
[Opening "QGA: classical variation"]
[ECO "D26"]
[Time "14:18:44"]
[TimeControl "2700+45"]

1. d4 d5 2. c4 dxc4 3. Nf3 Nf6 4. e3 e6 5. Bxc4 c5 6. Qe2 a6 7. dxc5 Bxc5 8. O-O
Nc6 9. e4 b5 10. Bb3 Nd4 11. Nxd4 Qxd4 12. Be3 Qe5 13. Bxc5 Qxc5 14. e5 Nd7 15.
Re1 O-O 16. Nd2 Bb7 17. Rac1 Qb6 18. Bc2 Rac8 19. Qd3 g6 20. Qxd7 Rfd8 21. Qe7
Rxd2 22. Be4 Qxf2+ 23. Kh1 Rxc1 24. Rxc1 Bxe4 25. Rc8+ Kg7 26. Qf8# {Black
checkmated} 1-0

[Event "Team 45 45 League T45"]
[Site "Internet Chess Club"]
[Date "2010.06.28"]
[Round "8"]
[White "bogolijubov"]
[Black "fledermaus"]
[Result "1/2-1/2"]
[WhiteElo "1910"]
[BlackElo "1938"]
[Opening "Sicilian: Scheveningen, 6.Be2"]
[ECO "B83"]
[Time "15:25:24"]
[TimeControl "2700+45"]

1. e4 c5 2. Nf3 e6 3. d4 cxd4 4. Nxd4 Nf6 5. Nc3 d6 6. Be2 Be7 7. O-O O-O 8. a4
Nc6 9. Be3 Bd7 10. f4 Nxd4 11. Qxd4 Bc6 12. Bf3 Qc7 13. Kh1 {Game drawn by
mutual agreement} 1/2-1/2

[Event "Team 45 45 League T45"]
[Site "Internet Chess Club"]
[Date "2010.06.27"]
[Round "8"]
[White "jonesey"]
[Black "CapitanTrueno"]
[Result "1-0"]
[WhiteElo "1947"]
[BlackElo "1788"]
[Opening "Giuoco Piano: Möller (Therkatz) attack"]
[ECO "C54"]
[Time "10:02:52"]
[TimeControl "2700+45"]

1. e4 e5 2. Nf3 Nc6 3. Bc4 Bc5 4. c3 Nf6 5. d4 exd4 6. cxd4 Bb4+ 7. Nc3 Nxe4 8.
O-O Bxc3 9. d5 Bf6 10. Re1 Ne7 11. Rxe4 d6 12. Bg5 Bxg5 13. Nxg5 h6 14. Bb5+ Bd7
15. Qe2 Bxb5 16. Qxb5+ Qd7 17. Qxb7 O-O 18. Rae1 Ng6 19. Nf3 Rfb8 20. Qa6 Qb5
21. Re8+ Qxe8 22. Rxe8+ Rxe8 23. g3 Ne5 24. Nd4 Reb8 25. b3 Rb6 26. Qe2 Rb4 27.
Nc2 Rbb8 28. f4 Ng6 29. Nd4 Re8 30. Qc2 Ne7 31. Qc4 Rec8 32. b4 a5 33. b5 a4 34.
a3 Kf8 35. Kf2 Ra7 36. f5 Ng8 37. b6 Rb7 38. Qa6 Rbb8 39. b7 Re8 40. Nc6 {Black
resigns} 1-0